 Dungeon Crawl Stone Soup version 0.22-a0-551-g3b2bdd4ba6 (webtiles) character file.

35 Araneus the Skirmisher (level 3, -3/29 HPs)
             Began as a Mummy Fighter on June 25, 2018.
             Slain by a worm (8 damage)
             ... on level 2 of the Dungeon.
             The game lasted 00:01:43 (495 turns).

Araneus the Skirmisher (Mummy Fighter)               Turns: 495, Time: 00:01:44

Health: -3/29      AC:  8    Str: 20    XL:     3   Next: 17%
Magic:  3/3        EV:  5    Int:  7    God:
Gold:   76         SH:  8    Dex: 11    Spells: 2/2 levels left

rFire    x . .     SeeInvis .   a - +0 trident
rCold    + . .     Gourm    .   c - +0 shield
rNeg     + + +     Faith    .   e - +0 chain mail
rPois    ∞         Spirit   .   (no helmet)
rElec    .         Reflect  .   (no cloak)
rCorr    .         Harm     .   (no gloves)
MR       .....                  (no boots)
Stlth    ..........             (no amulet)
HPRegen  0.09/turn              (no ring)
MPRegen  0.08/turn              (no ring)

@: no status effects
A: no food or potions, fire vulnerability, cold resistance 1, negative energy
resistance 3, torment resistance, unbreathing
a: no special abilities


You were on level 2 of the Dungeon.
You were not hungry.

You visited 1 branch of the dungeon, and saw 2 of its levels.

You collected 76 gold pieces.

Inventory:

Hand Weapons
 a - a +0 trident (weapon)
Armour
 c - a +0 shield (worn)
 e - a +0 chain mail (worn)
Scrolls
 b - a scroll of enchant weapon {unknown}
 d - 3 scrolls of teleportation {unknown}
 f - a scroll of identify {unknown}
 g - a scroll of remove curse {unknown}


   Skills:
 - Level 3.0 Fighting
 + Level 3.0 Polearms
 - Level 2.4 Armour
 - Level 2.4 Shields


You had 2 spell levels left.
You didn't know any spells.
Your spell library was empty.

Dungeon Overview and Level Annotations

Branches:
Dungeon (2/15)

Altars:


Innate Abilities, Weirdness & Mutations

You do not eat or drink.
Your flesh is vulnerable to fire.
You are immune to poison.
Your flesh is cold resistant. (rC+)
You are immune to negative energy. (rN+++)
You are immune to unholy pain and torment.
You can survive without breathing.


Message History

The worm is severely wounded.
The worm bites you but does no damage.
You hit the worm but do no damage.
The worm is heavily wounded.
You hit the worm but do no damage.
The worm is heavily wounded.
The worm bites you.
* * * LOW HITPOINT WARNING * * *
Your shield and chain mail prevent you from hitting the worm.
The worm is heavily wounded.
You block the worm's attack.
Your chain mail prevents you from hitting the worm.
The worm is heavily wounded.
You hit the worm.
The worm is almost dead.
You block the worm's attack.
Your chain mail prevents you from hitting the worm.
The worm is severely wounded.
The worm bites you!
You die...

.............#
.............#
#.......†...####
##.............#
#.........###.#
####....#.#.#.#
########.##.#.#.#.#
#........##.#...#.#
#w@......#.#.#
##.###.###...#
#.....# #####
#######


You could see a worm.

Vanquished Creatures
  An adder (D:2)
  2 dart slugs (D:1)
  A leopard gecko (D:1)
  A giant cockroach (D:1)
  3 hobgoblins (D:1)
  2 jackals (D:1)
  3 kobolds (D:1)
  A ball python (D:1)
  A bat (D:1)
  3 goblins (D:1)
  2 rats
20 creatures vanquished.

Vanquished Creatures (others)
  A goblin (D:1)
1 creature vanquished.

Grand Total: 21 creatures vanquished

Notes
Turn   | Place    | Note
-------+----------+-------------------------------------------
     0 | D:1      | Araneus the Mummy Fighter began the quest for the Orb.
     0 | D:1      | Reached XP level 1. HP: 18/18 MP: 1/1
    45 | D:1      | Reached XP level 2. HP: 19/24 MP: 2/2
   441 | D:2      | Reached XP level 3. HP: 26/29 MP: 3/3
   495 | D:2      | Slain by a worm

Vault maps used:
D:1:      lightli_arrival_chessboard, minmay_tetromino_i2

Skill      XL: |  1  2 |
---------------+-------+-----
Polearms       | 2 3 |  3.0
Fighting       | |  3.0
Armour         | |  2.4
Shields        | |  2.4

Action                   || total
-------------------------++-------
Melee: Trident           ||   101
Armor: Scale mail        ||     4
       Chain mail        ||    23
Dodge: Dodged            ||    16
Block: Shield            ||    25

Table legend:
 A = Spawn XP
 B = Non-spawn XP
 C = Spawn XP percentage of total XP
 D = Spawn monster count
 E = Non-spawn monster count
 F = Spawn count percentage of total count
 G = Total turns spent on level
                    A         B        C        D         E        F      G
               +---------+---------+-------+---------+---------+-------+---------
         Total |       0 |      51 |   0.0 |       0 |      21 |   0.0 |   495
               +---------+---------+-------+---------+---------+-------+---------
           D:1 |       0 |      37 |   0.0 |       0 |      19 |   0.0 |   431
           D:2 |       0 |      14 |   0.0 |       0 |       2 |   0.0 |    64
               +---------+---------+-------+---------+---------+-------+---------
